 Dungeon Crawl Stone Soup version 0.28-a0-268-g3f656e82c2 (console) character file.

Game seed: 18344835999076645905

109216 FIQ the Eclecticist (level 17, -1/94 HPs)
             Began as a Djinni Fire Elementalist on Aug 27, 2021.
             Was an Initiate of Gozag.
             Killed from afar by a manticore (11 damage)
             ... with a volley of spikes
             ... on level 4 of the Shoals on Aug 28, 2021.
             The game lasted 01:01:35 (21735 turns).

FIQ the Eclecticist (Djinni Fire Elementalist)     Turns: 21735, Time: 01:01:35

Health: -1/94      AC:  8    Str:  7    XL:     17   Next: 6%
Gold:   3538       EV: 16    Int: 26    God:    Gozag SH:  0 Dex: 17

rFire   + + +      SeeInvis .   c - staff of conjuration
rCold   x x .      Faith    .   (no shield)
rNeg    . . .      Spirit   .   T - +2 robe of Vines {NoPotionHeal Regen+++}
rPois   ∞          Reflect  .   N - +3 hat of Pondering {ponderous, Will+ MP+10 Int+5}
rElec   .          Harm     .   (no cloak)
rCorr   .          Rampage  .   x - +0 pair of gloves
Will    ++...                   (boots unavailable)
Stlth   ++........              l - amulet of regeneration
HPRegen 4.25/turn               b - ring of fire
MPRegen 0.00/turn               Q - +4 ring of evasion

@: death channeling, spiked, gold aura, flying, studying Evocations, slow
A: sickness immunity, fire resistance 2, cold vulnerability 1, float, innate
caster, hp casting, extra vitality 1
a: Renounce Religion, Potion Petition, Call Merchant, Bribe Branch


You were on level 4 of the Shoals.
You worshipped Gozag.
Gozag was most pleased with you.
You visited 6 branches of the dungeon, and saw 25 of its levels.
You visited 1 bazaar.

You collected 8362 gold pieces.
You spent 4698 gold pieces at shops.
You paid 126 gold pieces to Gozag.

Inventory:

Hand Weapons
 e - the +6 quarterstaff "Moacrera" {vorpal, rN+ Str+5 Int-5}
   (You bought it in a shop in a bazaar)

   It inflicts extra damage upon your enemies.
   Str:       It affects your strength (+5).
   Int:       It affects your intelligence (-5).
   rN:        It protects you from negative energy.
 X - the +6 rapier of the Magi {drain, rC+}
   (You bought it in a shop on level 2 of the Shoals)

   A truly terrible weapon, it drains the life of any living foe it strikes.
   rC:        It protects you from cold.
Armour
 x - a +0 pair of gloves (worn)
 D - a +2 robe of cold resistance
 I - the +1 leather armour of Weirdness {Int-5 Dex+4}
   (You bought it in a shop in a bazaar)

   Int:       It affects your intelligence (-5).
   Dex:       It affects your dexterity (+4).
 J - the +6 chain mail of Hufroyng {Harm Int-3 Dex+2 Stlth+}
   (You bought it in a shop in a bazaar)

   Int:       It affects your intelligence (-3).
   Dex:       It affects your dexterity (+2).
   Harm:      It increases damage dealt and taken.
   Stlth:     It makes you more stealthy.
 N - the +3 hat of Pondering (worn) {ponderous, Will+ MP+10 Int+5}
   (You found it on level 3 of the Lair of Beasts)

   Int:       It affects your intelligence (+5).
   MP:        It affects your magic capacity (+10).
   Will:      It increases your willpower.
 T - the +2 robe of Vines (worn) {NoPotionHeal Regen+++}
   (You found it on level 5 of the Lair of Beasts)

   Its wearer cannot be healed by potions.
   Regen:     It increases your rate of health regeneration.
Magical Staves
 c - a staff of conjuration (weapon)
 t - a staff of death
 S - a staff of fire
Jewellery
 b - a ring of fire (left hand)
 l - an amulet of regeneration (around neck)
 Q - a +4 ring of evasion (right hand)
Wands
 a - a wand of acid (16)
 K - a wand of mindburst (4)
 L - a wand of iceblast (42)
 M - a wand of paralysis (22)
 P - a wand of flame (96)
 R - a wand of digging (5)
 V - a wand of polymorph (12)
Scrolls
 f - 4 scrolls of magic mapping
 g - 2 scrolls of noise
 i - a scroll of acquirement
 m - 3 scrolls of fear
 n - 2 scrolls of blinking
 p - 4 scrolls of vulnerability
 q - 2 scrolls of enchant armour
 r - 2 scrolls of silence
 u - 13 scrolls of teleportation
 v - 5 scrolls of enchant weapon
 y - 4 scrolls of summoning {unknown}
 z - 4 scrolls of brand weapon {unknown}
 A - 2 scrolls of fog {unknown}
 E - 2 scrolls of torment
 O - 4 scrolls of immolation
 W - 2 scrolls of holy word
 Y - a scroll of identify
Potions
 d - a potion of mutation
 h - a potion of lignification
 j - a potion of invisibility
 k - 3 potions of ambrosia
 o - 2 potions of berserk rage
 s - 3 potions of attraction
 w - 2 potions of degeneration
 B - 5 potions of might
 C - 8 potions of curing
 F - 4 potions of flight
 G - 8 potions of heal wounds
 H - 2 potions of brilliance
 U - a potion of magic


   Skills:
 - Level 2.1 Dodging
 - Level 1.5 Stealth
 + Level 20.7 Spellcasting


You had 9 spell levels left.
You knew the following spells:

 Your Spells              Type           Power      Damage    Failure   Level
a - Foxfire               Conj/Fire      100%       2x1d9     0%          1
b - Conjure Flame         Conj/Fire      100%       6-21      0%          3
c - Inner Flame           Hex/Fire       100%       N/A       0%          3
d - Sticky Flame          Conj/Fire      100%       2d11      0%          4
e - Fireball              Conj/Fire      70%        3d26      0%          5
f - Summon Small Mammal   Summ           100%       N/A       0%          1
g - Wereblood             Tmut           94%        N/A       0%          2
h - Ozocubu's Armour      Ice            94%        N/A       0%          3
i - Summon Lightning Spi  Summ/Air       94%        N/A       0%          4
j - Lee's Rapid Deconstr  Erth           47%        3d23*     0%          5
k - Metabolic Englaciati  Hex/Ice        47%        N/A       0%          5
l - Dispersal             Tloc           47%        N/A       1%          6
m - Death Channel         Necr           47%        N/A       1%          6
Your spell library was empty.

Dungeon Overview and Level Annotations

Branches:
Dungeon (11/15)            Temple (1/1) D:7            Lair (6/6) D:9
 Shoals (4/4) Lair:2       Spider (0/4) Lair:4        Slime (0/5) Lair:6
    Orc (2/2) D:11            Elf (1/3) Orc:2

Altars:
Ashenzari
Cheibriados
Dithmenos
Elyvilon
Fedhas
Gozag
Hepliaklqana
Kikubaaqudgha
Makhleb
Nemelex Xobeh
Okawaru
Qazlal
Ru
Sif Muna
Trog
Uskayaw
Vehumet
Wu Jian
Xom
Yredelemnul
Zin
The Shining One
Beogh

Shops:
Orc:2 :[!:   Shoals:2 :((

Annotations:
Lair:6 exclusion: 3 oklob plants


Innate Abilities, Weirdness & Mutations

You are immune to sickness and miasma.
You are immune to poison.
Your flesh is very heat resistant. (rF++)
You are vulnerable to cold. (rC-)
You float through the air rather than walking.
You learn spells naturally, not from books.
Your magical power is your life essence.
You have superior vitality. (+4 HP)


Message History

You kill the merfolk siren!
* * * LOW HITPOINT WARNING * * *
A glowing mist starts to gather...
You carefully extract the barbed spikes from your body.
A manticore comes into view.
The manticore is engulfed in a cloud of scalding steam.
The manticore flicks its tail.
The volley of spikes hits you.
The barbed spikes become lodged in your body.
* * * LOW HITPOINT WARNING * * *
An arrow appears from out of your range of vision.
The arrow hits your spectral merfolk siren!
Casting: Fireball (safe; 0% risk of failure)
Confirm with . or Enter, or press ? or * to list all spells.
Aiming: Fireball (safe; 0% risk of failure)
Press: ? - help, Shift-Dir - straight line
Okay, then.
Casting: Fireball (safe; 0% risk of failure)
Confirm with . or Enter, or press ? or * to list all spells.
Aiming: Fireball (safe; 0% risk of failure)
Press: ? - help, Shift-Dir - straight line
Okay, then.
Casting: Fireball (safe; 0% risk of failure)
Confirm with . or Enter, or press ? or * to list all spells.
Aiming: Fireball (safe; 0% risk of failure)
Press: ? - help, Shift-Dir - straight line You feel a strong surge of power!
The fireball explodes!
The fireball engulfs the manticore!!!
You kill the manticore!
* * * LOW HITPOINT WARNING * * *
A glowing mist starts to gather...
An arrow appears from out of your range of vision.
The arrow completely misses your spectral merfolk siren.
A centaur comes into view. It is wielding a +0 shortbow.
The centaur shoots an arrow.
The arrow hits your spectral merfolk siren!
The manticore flicks its tail.
The volley of spikes hits you!
The barbed spikes become lodged in your body.
You die...
Your body crumbles into a pile of gold.

#≈≈≈#≈#≈≈≈≈≈≈≈≈≈
≈≈#≈#≈≈≈≈≈≈≈≈≈≈
≈≈#≈≈≈≈≈≈≈≈≈≈≈
.######≈≈≈..)≈≈≈≈≈≈≈≈≈≈
..≈≈≈≈≈≈≈≈....≈≈≈≈≈≈≈≈≈
.≈≈≈≈≈≈≈≈≈H....≈≈≈≈≈≈≈≈
.≈≈§≈≈≈≈≈.<.....≈≈≈≈≈≈≈
≈≈≈≈≈≈≈≈≈.......≈≈≈≈≈≈≈
≈≈≈§≈§§≈c≈......≈≈≈≈≈≈≈
.^≈≈≈≈≈≈≈≈≈.....≈≈≈≈≈≈≈
≈.≈≈≈≈≈≈≈≈≈≈...@≈≈≈?≈≈≈
≈≈≈≈≈≈≈≈≈§§§$..Z...≈≈≈≈
≈≈≈≈≈≈≈≈≈≈§§§.......≈≈≈
.≈######H≈§§§......#.≈≈
. ≈#≈§≈≈≈≈≈≈..# ≈≈
≈#≈#≈≈≈≈≈≈≈≈..$ ≈
≈#≈#≈≈≈≈≈≈≈≈≈≈≈
≈≈#≈≈≈≈≈≈≈≈≈≈≈


You could see a manticore, a centaur and a friendly spectral merfolk siren.

Vanquished Creatures
  A kraken (Shoals:2)
  5 merfolk impalers
  A fire dragon (D:11)
  An ettin (Orc:2)
  2 boulder beetles
  9 hydras
  3 merfolk avatars
  2 ogre magi (Orc:2)
  11 two-headed ogres
  2 merfolk aquamancers
  3 sea snakes
  2 deep trolls (Orc:2)
  2 deep elf zephyrmancers
  10 harpies
  2 orc knights
  An ugly thing (D:11)
  4 oklob plants (Lair:3)
  An orc sorcerer (Orc:2)
  13 manticores
  7 cyclopes
  3 fauns (Shoals:1)
  8 black mambas
  4 water nymphs
  8 merfolk sirens
  Joseph (D:7)
  14 cane toads
  3 torpor snails
  A gargoyle (D:9)
  Maggie (D:7)
  Psyche (D:8)
  A rime drake (Lair:6)
  15 komodo dragons
  5 harpy zombies (Shoals:1)
  11 trolls
  18 merfolk
  7 wind drakes
  3 polar bears (Lair:6)
  3 hornets
  Grinder (D:4)
  4 snapping turtles
  18 blink frogs
  20 dream sheep
  8 water elementals
  A shadow (D:11)
  Eustachio (D:5)
  91 yaks
  5 wyverns
  4 steam dragons
  Grum (D:8)
  3 basilisks
  2 wargs
  An acid dragon (D:11)
  7 water moccasins
  18 orc warriors
  3 black bears
  An ice beast (D:6)
  2 manticore zombies (Shoals:1)
  26 ogres
  3 necrophages
  27 wolves
  6 centaurs
  Blork the orc (D:4)
  5 kobold brigands
  21 bullfrogs
  3 gnoll sergeants
  2 scorpions
  A killer bee (D:10)
  4 wights (D:8)
  3 electric eels (D:6)
  2 vampire bats (Lair:4)
  8 howler monkeys
  7 centaur zombies
  3 jellies
  3 hounds
  A gnoll shaman (D:9)
  9 orc priests
  5 iguanas
  12 orc wizards
  A killer bee zombie (D:8)
  5 howler monkey zombies
  A howler monkey skeleton (D:7)
  10 gnolls
  7 adders
  2 shadow imps
  An adder skeleton (D:4)
  A worm (D:3)
  A dart slug (D:2)
  65 orcs
  7 endoplasms
  5 giant cockroaches
  12 goblins
  6 hobgoblins
  18 kobolds
  4 quokkas
  12 ball pythons
  12 bats
  5 frilled lizards
  6 rats
  2 bushes (Lair:6)
  A tentacle (Shoals:2)
716 creatures vanquished.

Vanquished Creatures (collateral kills)
  A hound (D:6)
  An orc priest (D:6)
  An orc (D:6)
  68 foxfires
71 creatures vanquished.

Vanquished Creatures (others)
  1155 foxfires
  54 fungi
  151 plants
  20 tentacles (Shoals:2)
1380 creatures vanquished.

Grand Total: 2167 creatures vanquished

Notes
Turn   | Place    | Note
-------+----------+-------------------------------------------
     0 | D:1      | FIQ the Djinni Fire Elementalist began the quest for the
                  | Orb.
     0 | D:1      | Reached XP level 1. HP: 15/15 MP: 0/0
   270 | D:1      | Reached XP level 2. HP: 10/21 MP: 0/0
   749 | D:1      | Reached skill level 3 in Spellcasting
  1072 | D:1      | Found a faded altar of an unknown god.
  1193 | D:1      | Reached XP level 3. HP: 16/25 MP: 0/0
  1193 | D:1      | Learned a level 1 spell: Summon Small Mammal
  2816 | D:2      | Reached XP level 4. HP: 26/31 MP: 0/0
  3783 | D:3      | Found a glowing golden altar of the Shining One.
  3785 | D:3      | Found a stormy altar of Qazlal.
  3829 | D:3      | Found a snail-covered altar of Cheibriados.
  3840 | D:3      | Reached skill level 4 in Spellcasting
  4678 | D:4      | Reached XP level 5. HP: 35/35 MP: 0/0
  4678 | D:4      | Learned a level 2 spell: Wereblood
  4994 | D:4      | Reached XP level 6. HP: 18/40 MP: 0/0
  4998 | D:4      | Reached skill level 5 in Spellcasting
  5184 | D:4      | Noticed Grinder
  5195 | D:4      | Killed Grinder
  5196 | D:4      | Reached skill level 6 in Spellcasting
  5196 | D:4      | Reached XP level 7. HP: 45/45 MP: 0/0
  5196 | D:4      | Learned a level 3 spell: Ozocubu's Armour
  5417 | D:4      | Noticed Blork the orc
  5429 | D:4      | Killed Blork the orc
  5748 | D:4      | Identified a scroll of acquirement
  5748 | D:4      | Acquired a staff of conjuration
  5777 | D:5      | Entered Level 5 of the Dungeon
  5803 | D:5      | Reached XP level 8. HP: 29/50 MP: 0/0
  5939 | D:5      | Reached skill level 7 in Spellcasting
  6102 | D:5      | Found a blossoming altar of Fedhas.
  6279 | D:5      | Reached skill level 8 in Spellcasting
  6313 | D:5      | Noticed Eustachio
  6319 | D:5      | Killed Eustachio
  6539 | D:6      | Reached XP level 9. HP: 55/55 MP: 0/0
  6539 | D:6      | Learned a level 4 spell: Summon Lightning Spire
  6629 | D:6      | Found a sacrificial altar of Ru.
  6738 | D:6      | Reached skill level 9 in Spellcasting
  6846 | D:6      | Noticed a troll
  6852 | D:6      | Killed a troll
  7099 | D:6      | Found an ornate altar of the Wu Jian Council.
  7110 | D:6      | Identified the +3 long sword of Judgement {pain, rF+}
  7580 | D:7      | Noticed Maggie
  7588 | D:7      | Killed Maggie
  7589 | D:7      | Reached skill level 10 in Spellcasting
  7598 | D:7      | Found a basalt altar of Yredelemnul.
  7630 | D:7      | Noticed a boulder beetle
  7649 | D:7      | Reached XP level 10. HP: 60/60 MP: 0/0
  7663 | D:7      | Killed a boulder beetle
  7664 | D:7      | Reached skill level 11 in Spellcasting
  7851 | D:7      | Noticed Joseph
  7854 | D:7      | Killed Joseph
  7932 | D:7      | Found a staircase to the Ecumenical Temple.
  8372 | Temple   | Entered the Ecumenical Temple
  8599 | Temple   | Became a worshipper of Gozag Ym Sagoz the Greedy
  8737 | D:8      | Noticed Psyche
  8739 | D:8      | Killed Psyche
  8752 | D:8      | Noticed Grum
  8754 | D:8      | Killed Grum
  8971 | D:8      | Noticed a two-headed ogre
  8973 | D:8      | Killed a two-headed ogre
  8974 | D:8      | Reached skill level 12 in Spellcasting
  8974 | D:8      | Reached XP level 11. HP: 59/65 MP: 0/0
  8974 | D:8      | Learned a level 5 spell: Lee's Rapid Deconstruction
  9305 | D:8      | Found a hide-covered altar of Uskayaw.
  9880 | D:9      | Found a staircase to the Lair.
 10310 | D:9      | Reached skill level 13 in Spellcasting
 10392 | Lair:1   | Entered Level 1 of the Lair of Beasts
 10805 | Lair:1   | Reached XP level 12. HP: 62/70 MP: 0/0
 10846 | Lair:1   | Reached skill level 14 in Spellcasting
 11803 | Lair:2   | Found a staircase to the Shoals.
 12146 | Lair:3   | Reached skill level 15 in Spellcasting
 12304 | Lair:3   | Noticed a six-headed hydra
 12307 | Lair:3   | Killed a six-headed hydra
 12326 | Lair:3   | Found the +3 hat of Pondering {ponderous, Will+ MP+10
                  | Int+5}
 12355 | Lair:3   | Reached XP level 13. HP: 75/75 MP: 0/0
 12355 | Lair:3   | Learned a level 5 spell: Metabolic Englaciation
 12691 | Lair:3   | Noticed a seven-headed hydra
 12728 | Lair:3   | Killed a seven-headed hydra
 13559 | Lair:4   | Noticed a four-headed hydra
 13562 | Lair:4   | Killed a four-headed hydra
 13677 | Lair:4   | Found a hole to the Spider Nest.
 13759 | Lair:4   | Reached skill level 16 in Spellcasting
 14723 | Lair:5   | Found a runed translucent door.
 15020 | Lair:5   | Noticed a five-headed hydra
 15041 | Lair:5   | Killed a five-headed hydra
 15080 | Lair:5   | Found the +2 robe of Vines {NoPotionHeal Regen+++}
 15132 | Lair:6   | Entered Level 6 of the Lair of Beasts
 15147 | Lair:6   | Noticed a four-headed hydra
 15151 | Lair:6   | Killed a four-headed hydra
 15152 | Lair:6   | Reached XP level 14. HP: 70/80 MP: 0/0
 15224 | Lair:6   | Reached skill level 17 in Spellcasting
 15396 | Lair:6   | Found a staircase to the Slime Pits.
 15512 | Lair:6   | Reached skill level 18 in Spellcasting
 15787 | Lair:6   | Reached XP level 15. HP: 83/85 MP: 0/0
 15787 | Lair:6   | Learned a level 6 spell: Dispersal
 16452 | D:10     | Entered Level 10 of the Dungeon
 17494 | D:11     | Found a staircase to the Orcish Mines.
 17617 | D:11     | Identified the +7 falchion of the Crawling Thing {vorpal,
                  | rC+ Dex+2 SInv}
 17674 | D:11     | Identified the +1 chain mail of Untruth {Harm rN+++ Str-3
                  | Dex-5}
 18124 | Orc:1    | Entered Level 1 of the Orcish Mines
 18139 | Orc:1    | Reached skill level 19 in Spellcasting
 18483 | Orc:2    | Entered Level 2 of the Orcish Mines
 18629 | Orc:2    | Found a staircase to the Elven Halls.
 18720 | Orc:2    | Found Qikuxkui's Book Shoppe.
 18750 | Orc:2    | Reached XP level 16. HP: 80/90 MP: 0/0
 18756 | Orc:2    | Found Uluan's Antique Armour Shop.
 18763 | Orc:2    | Found Fitsugg's Distillery.
 18769 | Orc:2    | Found Sakel's Book Shop.
 18801 | Orc:2    | Bought a pitted kite shield for 256 gold pieces
 18801 | Orc:2    | Identified the +5 kite shield of Dice, Bag, and Bottle
                  | {rF+} (You bought it in a shop on level 2 of the Orcish
                  | Mines)
 19116 | Elf:1    | Entered Level 1 of the Elven Halls
 19304 | Shoals:1 | Entered Level 1 of the Shoals
 19363 | Shoals:1 | Identified the +4 dagger "Vopogun" {freeze, SInv}
 19666 | Shoals:1 | Reached skill level 20 in Spellcasting
 20093 | Shoals:2 | Found a flickering gateway to a bazaar.
 20120 | Bazaar   | Entered a bazaar
 20120 | Bazaar   | Found Xeybryoh's Magic Scroll Shoppe.
 20120 | Bazaar   | Found Oshyg's Magic Scroll Shoppe.
 20120 | Bazaar   | Found Ofeeckusk's Antique Armour Emporium.
 20122 | Bazaar   | Found Mumnot's Antique Weapon Emporium.
 20124 | Bazaar   | Bought a scroll of holy word for 120 gold pieces
 20124 | Bazaar   | Bought a scroll of identify for 32 gold pieces
 20124 | Bazaar   | Bought a scroll of magic mapping for 56 gold pieces
 20124 | Bazaar   | Bought a scroll of identify for 32 gold pieces
 20124 | Bazaar   | Bought a scroll of vulnerability for 120 gold pieces
 20124 | Bazaar   | Bought a scroll of noise for 16 gold pieces
 20124 | Bazaar   | Bought a scroll of identify for 32 gold pieces
 20124 | Bazaar   | Bought a scroll of silence for 120 gold pieces
 20124 | Bazaar   | Bought a scroll of immolation for 56 gold pieces
 20130 | Bazaar   | Bought a jewelled quarterstaff for 351 gold pieces
 20130 | Bazaar   | Identified the +6 quarterstaff "Moacrera" {vorpal, rN+
                  | Str+5 Int-5} (You bought it in a shop in a bazaar)
 20135 | Bazaar   | Bought a scroll of enchant armour for 120 gold pieces
 20135 | Bazaar   | Bought a scroll of teleportation for 48 gold pieces
 20135 | Bazaar   | Bought a scroll of torment for 120 gold pieces
 20135 | Bazaar   | Bought a scroll of fear for 56 gold pieces
 20135 | Bazaar   | Bought a scroll of acquirement for 832 gold pieces
 20135 | Bazaar   | Bought a scroll of teleportation for 48 gold pieces
 20135 | Bazaar   | Bought a scroll of identify for 32 gold pieces
 20135 | Bazaar   | Bought a scroll of identify for 32 gold pieces
 20142 | Bazaar   | Bought a runed robe for 103 gold pieces
 20142 | Bazaar   | Bought a smouldering leather armour for 196 gold pieces
 20142 | Bazaar   | Identified the +1 leather armour of Weirdness {Int-5 Dex+4}
                  | (You bought it in a shop in a bazaar)
 20142 | Bazaar   | Bought a crude chain mail for 266 gold pieces
 20142 | Bazaar   | Identified the +6 chain mail of Hufroyng {Harm Int-3 Dex+2
                  | Stlth+} (You bought it in a shop in a bazaar)
 20161 | Bazaar   | Bought a scroll of magic mapping for 56 gold pieces
 20161 | Bazaar   | Bought a scroll of vulnerability for 120 gold pieces
 20161 | Bazaar   | Bought a scroll of magic mapping for 56 gold pieces
 20161 | Bazaar   | Bought a scroll of vulnerability for 120 gold pieces
 20223 | Shoals:2 | Noticed a kraken
 20263 | Shoals:2 | Killed a kraken
 20461 | Shoals:2 | Found Boydoit's Book Emporium.
 20478 | Shoals:2 | Bought a manual of Evocations for 960 gold pieces
 20544 | Shoals:2 | Found Umieff's Antique Weapon Emporium.
 20553 | Shoals:2 | Bought a shimmering rapier for 342 gold pieces
 20553 | Shoals:2 | Identified the +6 rapier of the Magi {drain, rC+} (You
                  | bought it in a shop on level 2 of the Shoals)
 20566 | Shoals:2 | Found Foxaw's Weapon Emporium.
 21192 | Shoals:3 | Reached XP level 17. HP: 93/94 MP: 0/0
 21192 | Shoals:3 | Learned a level 6 spell: Death Channel
 21709 | Shoals:4 | Entered Level 4 of the Shoals
 21729 | Shoals:4 | HP: 3/94 [wind drake/the air (17)]
 21735 | Shoals:4 | Killed from afar by a manticore

Illustrated notes

Levels and vault maps discovered:
D:1:      scummos_arrival_checkerplants, layout_loops_ring,
          hellmonk_ecumenical_altar_heavens_door
D:2:      layout_basic, minmay_randomly_rotated_circles
D:3:      layout_basic, grunt_temple_overflow_open
D:4:      layout_basic, mainiacjoe_overflow_alcove_1, roderic_serpentine_path,
          uniq_blork_the_orc, uniq_grinder
D:5:      layout_loops_ring, mainiacjoe_overflow_cross_hatched, uniq_eustachio
D:6:      layout_layer_cave, mainiacjoe_overflow_concentric_impassable,
          nicolae_wu_jian_glorious_leap, serial_bayou, serial_bayou_lagoon_a,
          serial_bayou_lake_a, serial_bayou_pond_b, serial_bayou_pond_a
D:7:      layout_basic, mainiacjoe_overflow_boulevard,
          minmay_temple_entry_antechambers, uniq_maggie, uniq_joseph
D:8:      layout_basic, mainiacjoe_overflow_tiny_flanked, uniq_grum, uniq_psyche
D:9:      layout_basic, due_lair_maze_entry_diamond, item_on_display_a
D:10:     layout_long_grid, special_room [special_room_orc], minmay_diced_spiral
D:11:     minmay_the_grid_octo_triangle [minmay_the_grid_octo_clover_2,
          minmay_the_grid_octo_prize_square_snowflake,
          minmay_the_grid_octo_fan_narrow], layout_basic,
          kennysheep_orc_monster_closet_entryway
Temple:   nicolae_temple_figure_eight
Lair:1:   layout_cave_pods, wad_woods_road_04
Lair:2:   layout_hall_layers, elwin_shoals_entry_stream, grunt_megastairs_3
Lair:3:   layout_regular_city, minmay_lair_oklob_chamber,
          infiniplex_staircase_pool_2
Lair:4:   layout_cellular_growth, spider_nest_entry_webs,
          chequers_serial_rivers_micro_b, roderic_batcave
Lair:5:   layout_big_grid, pf_torpor_hydra
Lair:6:   gammafunk_lair_ancient_temple, layout_cave_pods,
          minmay_slime_entry_oklob_open, lemuel_fruit_tree
Shoals:1: layout_shoals, nicolae_shoals_undead_eyrie
Shoals:2: layout_shoals, serial_shops, bzr_firewalk, nicolae_lakefront_shop,
          nicolae_shop_temple_entry_statues_fountains, shop
Shoals:3: layout_shoals, nicolae_shoals_land_atoll
Shoals:4: shoals_end_hangedman, layout_shoals
Orc:1:    layout_diamond_mine
Orc:2:    st_orc_open, layout_caves
Elf:1:    elf_arrival_002, layout_loops_corners, evilmike_minifort,
          chequers_hall_statues_corner_a

Skill      XL: |  1  2  3  4  5  6  7  8  9 10 11 12 13 14 15 16 |
---------------+-------------------------------------------------+-----
Spellcasting   | 3 4 6 8 10 12 13 15 16 18 19 20 | 20.7
Dodging        | |  2.1
Stealth        | |  1.5

Action                   |  1- 3 |  4- 6 |  7- 9 | 10-12 | 13-15 | 16-18 || total
-------------------------+-------+-------+-------+-------+-------+-------++-------
Melee: Unarmed           |     5 |     3 |       |       |       |       ||     8
       Staff             |       |       |     1 |     1 |       |     1 ||     3
 Cast: Foxfire           |   120 |   161 |   178 |   245 |    33 |       ||   737
       Inner Flame       |       |       |     5 |    10 |    36 |     6 ||    57
       Conjure Flame     |       |       |     2 |       |       |       ||     2
       Fireball          |       |       |    10 |    94 |   309 |   159 ||   572
       Summon Lightning  |       |       |     3 |     1 |       |       ||     4
       Sticky Flame      |       |       |       |     4 |       |       ||     4
       Ozocubu's Armour  |       |       |       |     2 |     1 |     1 ||     4
       Lee's Rapid Decon |       |       |       |       |     5 |     8 ||    13
       Metabolic Englaci |       |       |       |       |     3 |       ||     3
       Dispersal         |       |       |       |       |     1 |     3 ||     4
       Death Channel     |       |       |       |       |       |     3 ||     3
  Use: Scroll            |       |       |     4 |     5 |     2 |     6 ||    17
       Potion            |       |       |       |     1 |       |       ||     1
Armor: Robe              |     1 |     8 |     4 |       |       |    14 ||    27
       Troll leather arm |       |       |       |    11 |     7 |       ||    18
Dodge: Dodged            |     9 |    16 |     9 |    25 |    23 |    52 ||   134

Table legend: (Time is in decaauts)
 A = Elapsed time spent in this place.
 B = Non-inter-level travel time spent in this place.
 C = Inter-level travel time spent in this place.
 D = Time resting spent in this place.
 E = Time spent auto-exploring this place.
 F = Levels seen in this place.
 G = Mean time per level.
                   A        B        C        D        E       F      G
               +--------+--------+--------+--------+--------+-----+--------+
         Total |  22484 |  21151 |   1333 |    110 |  17792 |  26 |  864.8 |
       Dungeon |  12260 |  11472 |    788 |      0 |   9838 |  11 | 1114.5 |
        Temple |    242 |    209 |     33 |      0 |    207 |   1 |  242.0 |
          Lair |   6190 |   5803 |    387 |    110 |   4843 |   6 | 1031.7 |
        Shoals |   2586 |   2532 |     54 |      0 |   2059 |   4 |  646.5 |
  Orcish Mines |   1148 |   1081 |     67 |      0 |    843 |   2 |  574.0 |
   Elven Halls |      4 |      4 |      0 |      0 |      0 |   1 |    4.0 |
        Bazaar |     51 |     51 |      0 |      0 |      0 |   1 |   51.0 |
               +--------+--------+--------+--------+--------+-----+--------+

Top non-repeatable levels by time:
     D:1: 1847 daAuts
     D:2: 1797 daAuts
  Lair:6: 1339 daAuts
  Lair:3: 1163 daAuts
  Lair:1: 1141 daAuts
     D:4: 1122 daAuts
    D:11: 1089 daAuts
     D:8: 1079 daAuts
     D:6: 1028 daAuts
     D:3: 1008 daAuts
  Lair:4: 986 daAuts
     D:7: 936 daAuts
Shoals:3: 897 daAuts
  Lair:5: 846 daAuts
Shoals:1: 842 daAuts
